 Dungeon Crawl Stone Soup version 0.19.0-19-g8c6edcc (webtiles) character file.

198 Chiseanne the Magician (level 5, -8/39 HPs)
             Began as a Demonspawn Wanderer on Nov 14, 2016.
             Mangled by a gnoll
             ... wielding a +2 halberd of chopping
              (17 damage)
             ... on level 3 of the Dungeon.
             The game lasted 00:06:46 (3961 turns).

Chiseanne the Magician (Demonspawn Wanderer)        Turns: 3961, Time: 00:06:47

Health: -8/39      AC: 12    Str: 10    XL:     5   Next: 47%
Magic:  0/14       EV: 12    Int: 13    God:
Gold:   159        SH:  0    Dex: 16    Spells: 2 memorised, 13 levels left

rFire  . . .     SeeInvis .     s - +2 short sword (flame)
rCold  . . .     Gourm    .     o - +0 leather armour
rNeg   . . .     Faith    .     (no shield)
rPois  .         Spirit   .     (no helmet)
rElec  .         Reflect  .     m - +1 cloak
rCorr  .         Harm     .     (no gloves)
MR     .....                    (no boots)
Stlth  +.........               (no amulet)
                                (no ring)
                                h - ring of flight

@: icy armour, infused (expiring), very slightly contaminated, glowing, slow
A: hooves 2, thin metallic scales 1
a: Evoke Flight


You were on level 3 of the Dungeon.
You were not hungry.

You visited 1 branch of the dungeon, and saw 3 of its levels.

You collected 159 gold pieces.

Inventory:

Hand Weapons
 a - a +4 dagger
 s - a +2 short sword of flaming (weapon)
Missiles
 i - 82 stones (quivered)
 l - 55 sling bullets
 n - 14 bolts
 t - 19 arrows
 v - a throwing net
Armour
 m - a +1 cloak (worn)
 o - a +0 leather armour (worn)
Jewellery
 h - a ring of flight (left hand)
Scrolls
 j - a scroll of fog
 k - a scroll of remove curse
Potions
 b - a potion of heal wounds
 e - a potion of curing {unknown}
 g - a potion of haste
 p - a potion of might
 u - a potion of magic {unknown}
Books
 c - Mostraq's Grimoire of Talismans

   Spells                             Type                      Level
   a - Infusion                       Charms                       1
   b - Ozocubu's Armour               Charms/Ice                   3
Comestibles
 f - 3 bread rations
 q - a meat ration
 r - a beef jerky


   Skills:
 * Level 2.3 Fighting
 * Level 2.4 Dodging
 - Level 1.7 Stealth
 * Level 6.5 Spellcasting
   Level 1.0 Hexes
 * Level 2.3 Charms


You had 13 spell levels left.
You knew the following spells:

 Your Spells              Type           Power        Failure   Level  Hunger
a - Infusion              Chrm           ##..         12%         1    None
b - Ozocubu's Armour      Chrm/Ice       #.......     45%         3    ###....


Dungeon Overview and Level Annotations

Branches:
Dungeon (3/15)

Altars:
Trog

Annotations:
D:3 1 exclusion


Innate Abilities, Weirdness & Mutations

You have hoof-like feet.
You are partially covered in thin metallic scales. (AC +2)


Message History

Unknown command.
Casting: Ozocubu's Armour
Confirm with . or Enter, or press ? or * to list all spells.
You miscast Ozocubu's Armour.
Your skin tingles.
The gnoll misses you.
Casting: Ozocubu's Armour
Confirm with . or Enter, or press ? or * to list all spells.
A film of ice covers your body!
Casting: Ozocubu's Armour
Confirm with . or Enter, or press ? or * to list all spells.
You don't have enough magic to cast that spell.
You completely miss the gnoll shaman. Your kick misses the gnoll shaman.
You hit the gnoll shaman. You burn the gnoll shaman.
You kick the gnoll shaman, but do no damage.
The gnoll shaman is moderately wounded.
Your magical infusion is running out.
You closely miss the gnoll.
The gnoll shaman invokes the aid of its god against you.
You are outlined in light.
The gnoll barely misses you.
The gnoll hits you from afar with a halberd of chopping!
You die...

.≈≈#.gg#............g............
.≈≈#####≈≈≈≈≈≈≈≈≈≈≈≈g...≈≈≈≈≈≈≈≈≈
.≈≈≈≈≈≈≈≈≈≈≈≈≈≈≈≈≈≈≈....≈≈≈≈≈≈≈≈≈
.≈≈≈≈≈≈≈≈≈≈≈≈≈≈≈≈≈≈≈....≈≈≈≈≈≈≈≈≈
..P.................)............
.......)........................>
.#####.#############.############
.# #.# #ggg..# #. .# #.# #@##..##
###. .## #)# #.##...# #... ..#
#.# #......# ####.## #.# #.#
######..# #.##.# #.##
#.########.......# #.##.# #..#
#.#..)..##.###########.##.# #<.#
#.#........#**## #.......# ##.#
#.#.......#*,.g## #.#######
,#.###.#......#*,gg≈(#*#.#####


You could see a gnoll shaman and 2 gnolls.

Vanquished Creatures
  6 gnolls (D:3)
  5 adders
  2 oozes
  3 worms
  2 dart slugs (D:1)
  4 leopard geckos
  A ball python (D:3)
  4 giant cockroaches
  6 goblins
  4 hobgoblins
  13 jackals (D:3)
  7 kobolds
  2 quokkas (D:3)
  4 bats
  2 frilled lizards
  6 rats
71 creatures vanquished.

Notes
Turn   | Place    | Note
-------+----------+-------------------------------------------
     0 | D:1      | Chiseanne the Demonspawn Wanderer began the quest for the Orb.
     0 | D:1      | Chiseanne set off with: a +2 dagger, a potion of heal wounds, Mostraq's Grimoire of Talismans, a +0 robe, a bread ration
     0 | D:1      | Reached XP level 1. HP: 13/13 MP: 7/7
     1 | D:1      | Identified Mostraq's Grimoire of Talismans
   411 | D:1      | Learned a level 1 spell: Infusion
   500 | D:1      | Gained mutation: You have large cloven feet. [demonic ancestry]
   500 | D:1      | Reached XP level 2. HP: 16/20 MP: 9/9
   640 | D:1      | Reached skill level 1 in Fighting
  1283 | D:2      | Reached skill level 1 in Dodging
  1300 | D:2      | Reached XP level 3. HP: 22/26 MP: 5/10
  2422 | D:2      | Gained mutation: You are partially covered in thin metallic scales. (AC +2) [demonic ancestry]
  2422 | D:2      | Reached XP level 4. HP: 23/32 MP: 12/12
  2535 | D:2      | Learned a level 3 spell: Ozocubu's Armour
  3312 | D:3      | Found a bloodstained altar of Trog.
  3545 | D:3      | Gained mutation: You have hoof-like feet. [demonic ancestry]
  3545 | D:3      | Reached XP level 5. HP: 27/38 MP: 3/13
  3937 | D:3      | Noticed an ogre
  3961 | D:3      | Mangled by a gnoll

Skill      XL: |  1  2  3  4  5 |
---------------+----------------+-----
Fighting       | 1 2 |  2.3
Dodging        | 1 2 |  2.4
Charms         | 2 |  2.3
Stealth        | |  1.7
Spellcasting   | |  6.5
Hexes          | |  1.0

Action                   |  1- 3 |  4- 6 || total
-------------------------+-------+-------++-------
Melee: Dagger            |    87 |    37 ||   124
       Kick              |    17 |    27 ||    44
       Short sword       |       |    84 ||    84
 Cast: Infusion          |    19 |    19 ||    38
       Ozocubu's Armour  |       |     2 ||     2
  Use: Scroll            |     7 |     2 ||     9
 Stab: Sleeping          |     3 |       ||     3
  Eat: Chunk             |     3 |     7 ||    10
Armor: Robe              |    21 |     1 ||    22
       Leather armour    |       |    61 ||    61
Dodge: Dodged            |    54 |   160 ||   214
